 Dungeon Crawl Stone Soup version 0.27-a0-1136-g0b992a5a9d (webtiles) character file.

Game seed: 13966656835381161623

13564 soylentgreeen202 the Nimble (level 11, -4/67 HPs)
             Began as a Deep Elf Air Elementalist on Apr 28, 2021.
             Was an Elder of Vehumet.
             Slain by an unseen horror (11 damage)
             ... on level 9 of the Dungeon on May 5, 2021.
             The game lasted 02:26:04 (20818 turns).

soylentgreeen202 the Nimble (DEAE)                 Turns: 20818, Time: 02:26:05

Health: -4/67      AC:  6    Str:  9    XL:     11   Next: 77%
Magic:  9/25       EV: 20    Int: 29    God:    Vehumet [****..]
Gold:   52         SH:  6    Dex: 15    Spells: 3/26 levels left

rFire    x . .     SeeInvis .   d - staff of air
rCold    . . .     Faith    .   t - +1 buckler
rNeg     . . .     Spirit   .   a - +0 robe
rPois    .         Reflect  .   K - +1 hat
rElec    +         Harm     .   s - +0 cloak
rCorr    .         Rampage  .   (no gloves)
Will     +....                  Z - +1 pair of boots "Boyruff" {rF- Str+3}
Stlth    ++........             (no amulet)
HPRegen  0.21/turn              b - +6 ring of intelligence
MPRegen  0.19/turn              J - +4 ring of evasion

@: no status effects
A: no striking features
a: Renounce Religion


You were on level 9 of the Dungeon.
You worshipped Vehumet.
Vehumet was greatly pleased with you.
You visited 2 branches of the dungeon, and saw 12 of its levels.

You collected 655 gold pieces.
You spent 603 gold pieces at shops.

Inventory:

Hand Weapons
 e - a +4 short sword
 i - a +1 dagger of speed
 j - a +0 shortbow
 k - a +1 whip of electrocution
 n - a +1 whip of electrocution
 w - a +4 rapier
 F - a +0 rapier
 V - a +2 short sword of draining
Missiles
 m - 68 poisoned darts
 p - 229 arrows
 q - 367 stones
 E - a throwing net
 G - 12 atropa-tipped darts (quivered)
 T - 3 curare-tipped darts
Armour
 a - a +0 robe (worn)
 s - a +0 cloak (worn)
 t - a +1 buckler (worn)
 C - a +0 leather armour
 K - a +1 hat (worn)
 Z - the +1 pair of boots "Boyruff" (worn) {rF- Str+3}
   (You bought it in a shop on level 10 of the Dungeon)

   It affects your strength (+3).
   It makes you vulnerable to fire.
Magical Staves
 d - a staff of air (weapon)
 S - a staff of poison
Jewellery
 b - a +6 ring of intelligence (left hand)
 J - a +4 ring of evasion (right hand)
 O - an amulet of guardian spirit
Wands
 v - a wand of digging (9)
 x - a wand of charming (9)
 y - a wand of acid (16)
 M - a wand of flame (10)
 Q - a wand of mindburst (13)
 R - a wand of paralysis (22)
Scrolls
 c - 4 scrolls of identify
 l - a scroll of summoning {unknown}
 u - 2 scrolls of magic mapping
 B - a scroll of enchant weapon
 P - 2 scrolls of amnesia {unknown}
 U - a scroll of noise {unknown}
 W - a scroll of blinking
 X - a scroll of teleportation
 Y - a scroll of torment {unknown}
Potions
 f - a potion of heal wounds
 g - a potion of curing
 h - 2 potions of might {unknown}
 o - a potion of invisibility {unknown}
 r - 2 potions of mutation {unknown}
 z - 2 potions of lignification {unknown}
 A - 2 potions of flight {unknown}
 D - 3 potions of brilliance
 H - 2 potions of haste {unknown}
 I - a potion of attraction {unknown}
 L - a potion of cancellation {unknown}
 N - 3 potions of magic


   Skills:
 - Level 7.0 Fighting
 - Level 4.0 Staves
 - Level 9.0 Dodging
 - Level 2.4 Stealth
 - Level 4.0 Shields
 - Level 8.0 Spellcasting
 - Level 9.0 Conjurations
 + Level 6.0 Hexes
 - Level 8.0 Air Magic
 - Level 6.0 Evocations


You had 3 spell levels left.
You knew the following spells:

 Your Spells              Type           Power      Damage    Failure   Level
a - Shock                 Conj/Air       100%       1d9       1%          1
b - Static Discharge      Conj/Air       74%        N/A       1%          2
c - Swiftness             Air            72%        N/A       1%          3
d - Airstrike             Air            36%        N/A       1%          4
e - Lightning Bolt        Conj/Air       37%        1d55      1%          5
f - Poisonous Vapours     Pois/Air       100%       N/A       1%          2
g - Mephitic Cloud        Conj/Pois/Air  61%        N/A       1%          3
h - Dazzling Flash        Conj/Hex       100%       N/A       1%          3

Your spell library contained the following spells:

 Spells                   Type           Power      Damage    Failure   Level
 Confusing Touch          Hex            46%        N/A       1%          3
 Conjure Flame            Conj/Fire      37%        6-21      1%          3
 Gell's Gravitas          Tloc           5%         N/A       14%         3
 Cause Fear               Hex            23%        N/A       3%          4
 Silence                  Hex/Air        33%        N/A       7%          5
 Yara's Violent Unravell  Hex/Tmut       14%        3d7       11%         5
 Freezing Cloud           Conj/Ice/Air   30%        6-21      17%         6
 Metabolic Englaciation   Hex/Ice        14%        N/A       36%         5
 Petrify                  Tmut/Erth      11%        N/A       41%         4
 Discord                  Hex            23%        N/A       100%        8


Dungeon Overview and Level Annotations

Branches:
Dungeon (11/15)            Temple (1/1) D:4             Orc (0/2) D:10
   Lair: D:8-11

Altars:
Ashenzari
Cheibriados
Elyvilon
Fedhas
Gozag
Hepliaklqana
Kikubaaqudgha
Makhleb
Nemelex Xobeh
Okawaru
Qazlal
Ru
Sif Muna
Trog
Vehumet
Wu Jian
Xom
Yredelemnul
Zin
The Shining One

Shops:
D:6 !   D:10 [

Annotations:
D:5 exclusion: downstairs
D:10 exclusion: downstairs


Message History

The bolt of lightning hits something but does no damage.
Something hits you but does no damage. x2
Something hits you. Something hits you. Something hits you but does no damage.
Something hits you!
* * * LOW HITPOINT WARNING * * *
You feel much better. Something misses you. Something barely misses you.
Something hits you.
Casting: Lightning Bolt (dangerous; 1% risk of failure)
Confirm with . or Enter, or press ? or * to list all spells.
Aiming: Lightning Bolt (dangerous; 1% risk of failure)
Press: ? - help, Shift-Dir - straight line You feel a surge of power!
You hear a mighty clap of thunder!
You block something's attack. Something hits you but does no damage.
You block something's attack. Something barely misses you.
Something barely misses you. Something hits you. Something hits you!
You see here a +0 shortbow.
Something hits you. Something hits you. Something hits you.
There is a stone staircase leading up here.
You can't go down here!
Something misses you.
You climb upwards.
Reactivating autopickup.
There is a stone staircase leading down here.
Something completely misses you. Something hits you!
* * * LOW HITPOINT WARNING * * *
Deactivating autopickup; reactivate with Ctrl-A.
Something hits you.
* * * LOW HITPOINT WARNING * * *
Something closely misses you. Something hits you!
You die...

##..# #.# #..# #.#
#..# #.# #..#
############.# #..#
#............# #>.#
#.############
#..### #.# #....#
#.# ##.#.#
#@############
#.#.###{...........#
#.....{###########.#
###.##.### #.#
#.##...# #.#
#......# #.#
####...# #.# #..##
#.# #..##########.#


There were no monsters in sight!

Vanquished Creatures
  3 two-headed ogres
  Urug (D:11)
  Pikel (D:5)
  A komodo dragon (D:10)
  A troll (D:11)
  A shadow (D:11)
  A wyvern (D:7)
  22 yaks
  2 wraiths (D:10)
  A steam dragon (D:10)
  3 vampire mosquitoes (D:10)
  A warg (D:9)
  Edmund (D:6)
  A water moccasin (D:11)
  3 orc warriors
  3 sky beasts
  3 ice beasts
  3 black bears
  5 centaurs
  4 necrophages
  4 ogres
  4 lemures (D:5)
  2 phantoms
  5 bullfrogs
  4 kobold brigands
  2 gnoll sergeants
  4 scorpions
  8 killer bees
  17 wights
  4 bullfrog zombies
  4 howler monkeys (D:8)
  2 centaur zombies
  A jelly (D:5)
  4 orc priests
  2 bullfrog skeletons
  3 hounds
  Jessica (D:3)
  4 iguanas
  5 orc wizards
  A scorpion zombie (D:5)
  A hound skeleton (D:4)
  3 howler monkey zombies
  7 gnolls
  A howler monkey skeleton (D:5)
  8 adders
  A shadow imp (D:7)
  4 white imps
  2 ufetubi
  2 worms
  5 dart slugs
  26 orcs
  6 bats
  6 endoplasms
  6 giant cockroaches
  7 goblins
  9 hobgoblins
  7 jackals
  8 quokkas
  7 ball pythons
  2 frilled lizards (D:1)
  26 kobolds
  10 rats
296 creatures vanquished.

Vanquished Creatures (others)
  40 fungi (D:11)
  61 plants
101 creatures vanquished.

Grand Total: 397 creatures vanquished

Notes
Turn   | Place    | Note
-------+----------+-------------------------------------------
     0 | D:1      | soylentgreeen202 the Deep Elf Air Elementalist began the
                  | quest for the Orb.
     0 | D:1      | Reached XP level 1. HP: 10/10 MP: 6/6
   324 | D:1      | Reached XP level 2. HP: 13/15 MP: 2/8
   761 | D:1      | Found a faded altar of an unknown god.
  1034 | D:1      | Reached XP level 3. HP: 8/19 MP: 6/9
  2216 | D:2      | Upgraded the game from 0.27-a0-1090-gb115f176c6 to
                  | 0.27-a0-1105-g946c659c87
  2443 | D:2      | Noticed a sky beast
  2795 | D:2      | Reached XP level 4. HP: 10/24 MP: 5/10
  3411 | D:3      | Noticed Jessica
  3454 | D:3      | Learned a level 2 spell: Static Discharge
  3458 | D:3      | Learned a level 3 spell: Swiftness
  3912 | D:3      | Found an opulent altar of Gozag.
  3915 | D:3      | Killed Jessica
  4095 | D:3      | Reached XP level 5. HP: 26/28 MP: 4/11
  4241 | D:2      | You fall into a shaft and drop 2 floors!
  4315 | D:4      | Noticed an ogre
  4341 | D:4      | Noticed a necrophage
  4448 | D:4      | Found a staircase to the Ecumenical Temple.
  4456 | D:4      | Reached skill level 5 in Conjurations
  4474 | D:4      | Reached XP level 6. HP: 23/32 MP: 6/12
  4563 | Temple   | Entered the Ecumenical Temple
  4838 | Temple   | Became a worshipper of Vehumet
  5537 | D:4      | Reached skill level 5 in Air Magic
  5948 | D:5      | Entered Level 5 of the Dungeon
  5952 | D:5      | Noticed a sky beast
  6348 | D:4      | Identified a scroll of acquirement
  6348 | D:4      | Acquired a staff of air
  6363 | D:4      | Learned a level 4 spell: Airstrike
  6443 | D:5      | Noticed an ice beast
  6506 | D:5      | Reached XP level 7. HP: 36/36 MP: 4/15
  6721 | D:5      | Noticed Pikel
  6904 | D:5      | Reached skill level 1 in Fighting
  6959 | D:5      | Killed Pikel
  6960 | D:5      | Reached XP level 8. HP: 41/46 MP: 6/16
  7118 | D:5      | Reached * piety under Vehumet
  7118 | D:5      | Offered knowledge of Freeze by Vehumet.
  7390 | D:5      | Reached skill level 5 in Dodging
  7487 | D:5      | Reached skill level 5 in Spellcasting
  8589 | D:5      | Reached XP level 9. HP: 48/52 MP: 11/18
  9435 | D:6      | Reached skill level 5 in Fighting
  9818 | D:2      | Reached ** piety under Vehumet
  9821 | D:2      | Offered knowledge of Poisonous Vapours by Vehumet.
 10222 | D:2      | :shop
 10223 | D:2      | in_shop
 10722 | D:5      | Learned a level 5 spell: Lightning Bolt
 10725 | D:5      | Learned a level 2 spell: Poisonous Vapours
 11395 | D:6      | Found Midimep's Distillery.
 11403 | D:6      | Bought a potion of brilliance for 52 gold pieces
 11403 | D:6      | Bought a potion of curing for 39 gold pieces
 11403 | D:6      | Bought 2 potions of magic for 208 gold pieces
 12066 | D:6      | Noticed Edmund
 12076 | D:6      | Killed Edmund
 12195 | D:6      | Reached skill level 1 in Staves
 12195 | D:6      | Reached skill level 1 in Evocations
 13597 | D:7      | Identified the +1 scale mail "Bef Maom" {rN+ rCorr Str+4}
 13735 | D:8      | Reached XP level 10. HP: 59/59 MP: 13/19
 14062 | D:7      | Offered knowledge of Frozen Ramparts by Vehumet.
 14255 | D:8      | Noticed a two-headed ogre
 14544 | D:8      | Killed a two-headed ogre
 15142 | D:8      | Reached *** piety under Vehumet
 15244 | D:8      | Found a snail-covered altar of Cheibriados.
 15248 | D:8      | Found a shimmering blue altar of Sif Muna.
 15285 | D:9      | Found a sacrificial altar of Ru.
 15287 | D:9      | Found a hazy altar of Hepliaklqana.
 16407 | D:9      | Noticed a two-headed ogre
 16427 | D:9      | Killed a two-headed ogre
 16485 | D:9      | Upgraded the game from 0.27-a0-1105-g946c659c87 to
                  | 0.27-a0-1116-g91b3acb402
 16782 | D:9      | Found a bloodstained altar of Trog.
 17512 | D:10     | Entered Level 10 of the Dungeon
 17514 | D:10     | Found Munnor's Antique Armour Shoppe.
 17554 | D:10     | Noticed a two-headed ogre
 17827 | D:10     | Found a staircase to the Orcish Mines.
 17850 | D:10     | Offered knowledge of Olgreb's Toxic Radiance by Vehumet.
 18014 | D:10     | Reached XP level 11. HP: 57/66 MP: 6/20
 18095 | D:10     | Learned a level 3 spell: Mephitic Cloud
 18312 | D:10     | Killed a two-headed ogre
 18313 | D:10     | Reached skill level 5 in Evocations
 18642 | D:10     | Bought a pair of buzzing boots for 304 gold pieces
 18642 | D:10     | Identified the +1 pair of boots "Boyruff" {rF- Str+3} (You
                  | bought it in a shop on level 10 of the Dungeon)
 18936 | D:10     | Reached **** piety under Vehumet
 19069 | D:10     | Offered knowledge of Dazzling Flash by Vehumet.
 19341 | D:10     | Upgraded the game from 0.27-a0-1116-g91b3acb402 to
                  | 0.27-a0-1119-gbf574a6a6b
 19378 | D:11     | Noticed Urug
 19384 | D:11     | Killed Urug
 19709 | D:10     | Upgraded the game from 0.27-a0-1119-gbf574a6a6b to
                  | 0.27-a0-1136-g0b992a5a9d
 19795 | D:10     | Learned a level 3 spell: Dazzling Flash
 19913 | D:11     | Reached skill level 1 in Hexes
 20378 | D:11     | Reached skill level 5 in Hexes
 20818 | D:9      | Slain by an unseen horror

Illustrated notes ###.###.....# #######...## ....# #.....# ###..........# ....# #.....# #.+........>.# .)..# #.##### #.#..........# ###.# #.########.#..........# #.# #........#.#..........# ### #.# #..#####.#.#..........# #.. #.# #..#...#.#.#####......# #.# #.# #......#.#@# #......# #.# #.# #....†.#.#.# ######## #.# #.##########.#.# #.# #............#.# #.# ##############.# #.# #.# #.# #.# #.# #.# #.# #.# #.# Turn 10222 on D:2: :shop

#.##....##########
##...# ###.###.....#
#######...## ....#
#.....# ###..........#
....# #.....#
#.+........>.# .)..#
#.##### #.#..........#
###.#
#.########.#..........#
#.#
#........#.#..........#
### #.#
#..#####.#.#..........#
#.. #.#
#..#...#.#@#####......#
#.# #.# #......#.#.#
#......# #.# #.#
#....†.#.#.# ########
#.# #.##########.#.#
#.# #............#.#
#.# ##############.#
#.# #.# #.# #.# #.# #.#
#.#


Turn 10223 on D:2: in_shop

Levels and vault maps discovered:
D:1:      heliophobic_arrival_glass_houses, layout_basic,
          hellmonk_ecumenical_altar_dog_temple
D:2:      kennysheep_six_static_rooms, layout_basic
D:3:      layout_basic, grunt_gozag_breadcrumbs, uniq_jessica
D:4:      layout_gridville, minmay_temple_entry_gardened_gates
D:5:      minmay_bubble_buster, layout_rooms, hangedman_decor_growths,
          minmay_misc_feat_rows, uniq_pikel
D:6:      layout_basic, serial_shops, shop, uniq_edmund
D:7:      layout_rooms, serial_undead, serial_undead_a, serial_undead_e,
          serial_undead_a, serial_undead_a, serial_undead_b
D:8:      layout_basic, nicolae_overflow_hidden_temple
D:9:      layout_loops_ring, lemuel_crystal_altar, nzn_hepliaklqana_mist_gate,
          kennysheep_mini
D:10:     layout_basic, david_orc_3, kennysheep_small_square
D:11:     regret_index_wax_grids, layout_loops_ring,
          due_lair_maze_entry_diamond, uniq_urug
Temple:   minmay_temple_curvy_branch

Skill      XL: |  1  2  3  4  5  6  7  8  9 10 11 |
---------------+----------------------------------+-----
Dodging        | 3 4 6 9 |  9.0
Conjurations   | 3 4 5 6 7 8 9 |  9.0
Air Magic      | 4 5 8 |  8.0
Shields        | 2 4 |  4.0
Spellcasting   | 4 5 8 |  8.0
Fighting       | 3 4 5 6 7 |  7.0
Staves         | 2 3 4 |  4.0
Evocations     | 3 4 6 |  6.0
Hexes          | 6 |  6.0
Stealth        | |  2.4

Action                   |  1- 3 |  4- 6 |  7- 9 | 10-12 || total
-------------------------+-------+-------+-------+-------++-------
Melee: Short sword       |     7 |     1 |       |       ||     8
       Unarmed           |     3 |       |       |       ||     3
       Rapier            |       |     8 |       |       ||     8
       Staff             |       |       |    34 |    16 ||    50
Throw: Dart              |     4 |       |     2 |     2 ||     8
 Cast: Shock             |    76 |    77 |   155 |   129 ||   437
       Static Discharge  |       |    11 |    36 |    64 ||   111
       Swiftness         |       |     3 |     1 |     7 ||    11
       Airstrike         |       |       |    48 |    34 ||    82
       Lightning Bolt    |       |       |     1 |    34 ||    35
       Poisonous Vapours |       |       |       |    18 ||    18
       Mephitic Cloud    |       |       |       |     3 ||     3
       Dazzling Flash    |       |       |       |     1 ||     1
  Use: Scroll            |       |     2 |     8 |     1 ||    11
       Potion            |       |       |       |     5 ||     5
 Stab: Sleeping          |     4 |     2 |     1 |       ||     7
Armor: Robe              |     1 |     5 |     8 |    19 ||    33
Dodge: Dodged            |    19 |    14 |    69 |   104 ||   206
Block: Buckler           |       |     1 |    15 |    42 ||    58

Table legend: (Time is in decaauts)
 A = Elapsed time spent in this place.
 B = Non-inter-level travel time spent in this place.
 C = Inter-level travel time spent in this place.
 D = Time resting spent in this place.
 E = Time spent auto-exploring this place.
 F = Levels seen in this place.
 G = Mean time per level.
                   A        B        C        D        E       F      G
               +--------+--------+--------+--------+--------+-----+--------+
         Total |  20884 |  19420 |   1464 |   9583 |   3559 |  12 | 1740.3 |
       Dungeon |  20583 |  19185 |   1398 |   9583 |   3334 |  11 | 1871.2 |
        Temple |    300 |    234 |     66 |      0 |    225 |   1 |  300.0 |
               +--------+--------+--------+--------+--------+-----+--------+

Top non-repeatable levels by time:
     D:5: 3139 daAuts
    D:10: 2715 daAuts
     D:1: 2280 daAuts
     D:9: 2273 daAuts
     D:6: 1951 daAuts
     D:4: 1921 daAuts
     D:7: 1812 daAuts
     D:2: 1659 daAuts
     D:3: 1408 daAuts
     D:8: 1259 daAuts
  Temple: 300 daAuts
    D:11: 162 daAuts
